[ AOE2 MATCH · #479096746 ]
UnrankedSpanish vs Armenians
[ REPLAY ANALYSIS · EXTRACTED FROM THE RECORDED GAME ]
Feudal
3:54
Castle
7:00
Imperial
8:44
| APM avg | 31.7 |
| APM peak | 92 |
| eAPM avg | 22.0 |
| Villagers / military | 128 / 487 |
Focus
⚔️ 32.7% · 🌾 67.3%
Conquistador ×483 · Mangonel ×4
Feudal
5:13
Castle
8:00
Imperial
14:27
| APM avg | 36.6 |
| APM peak | 210 |
| eAPM avg | 33.3 |
| Villagers / military | 199 / 1164 |
Focus
⚔️ 36.1% · 🌾 63.9%
Warrior Priest ×820 · Composite Bowman ×339 · Unknown (1795) ×39 · Fishing Ship ×10 · Mangonel ×4 · Monk ×1
Feudal
4:15
Castle
6:20
Imperial
8:07
| APM avg | 41.7 |
| APM peak | 70 |
| eAPM avg | 34.8 |
| Villagers / military | 72 / 1056 |
Focus
⚔️ 43.7% · 🌾 56.3%
Eagle Scout ×397 · Plumed Archer ×346 · Skirmisher ×259 · Mangonel ×28 · Missionary ×20 · Monk ×6
Feudal
3:51
Castle
7:41
Imperial
12:52
| APM avg | 35.0 |
| APM peak | 104 |
| eAPM avg | 26.3 |
| Villagers / military | 79 / 321 |
Focus
⚔️ 48.7% · 🌾 51.3%
Warrior Priest ×161 · Bombard Cannon ×88 · Hussite Wagon ×61 · Fishing Ship ×19 · Monk ×10 · Mangonel ×1
Feudal
5:27
Castle
7:30
Imperial
9:53
| APM avg | 18.7 |
| APM peak | 42 |
| eAPM avg | 15.6 |
| Villagers / military | 136 / 303 |
Focus
⚔️ 36.6% · 🌾 63.4%
Berserk ×275 · Archer ×27 · Mangonel ×1
Feudal
3:59
Castle
7:44
Imperial
13:32
| APM avg | 4.0 |
| APM peak | 40 |
| eAPM avg | 3.8 |
| Villagers / military | 34 / 3 |
Focus
⚔️ 11.3% · 🌾 88.7%
War Wagon ×2 · Bombard Cannon ×1
Feudal
4:40
Castle
6:59
Imperial
15:52
| APM avg | 30.1 |
| APM peak | 85 |
| eAPM avg | 27.9 |
| Villagers / military | 97 / 203 |
Focus
⚔️ 26.0% · 🌾 74.0%
Warrior Priest ×118 · Eagle Scout ×85
Feudal
4:01
Castle
5:58
Imperial
8:34
| APM avg | 45.1 |
| APM peak | 81 |
| eAPM avg | 36.8 |
| Villagers / military | 94 / 1788 |
Focus
⚔️ 50.1% · 🌾 49.9%
Archer ×1241 · Battle Elephant ×339 · Arambai ×199 · Mangonel ×8 · Fishing Ship ×8 · Knight ×1
Match map
Initial resources + every placement click. Lines = walls · curves = elevation contours. ◆ gold · ⬟ stone · ● berries · ✦ relic · ◌ wall gap
Your base· ✓ Map-separated
NoAgendaPODCAST's base· ✓ Map-separated
Vince's base· ✓ Map-separated
Mehandor's base· ✓ Map-separated
Pilot in training's base· ✓ Map-separated
Wozbo's base· ✓ Map-separated
whobro123's base· ✓ Map-separated
liehuo22's base· ✓ Map-separated
Smoothed initial terrain · ◌ = detected wall gap · hover for details
Inputs per minute
— Benitto Burrito - - NoAgendaPODCAST
Build order — Benitto Burrito
First 150 of 390 actions detected
| 0:13 | Build | Mill |
| 0:22 | Build | Farm |
| 0:33 | Build | Farm |
| 0:34 | Build | Farm |
| 0:41 | Build | Farm |
| 1:05 | Build | Farm |
| 1:07 | Build | Farm |
| 1:13 | Build | House |
| 1:14 | Build | House |
| 1:20 | Build | House |
| 1:33 | Build | Farm |
| 1:44 | Create | Villager (Male) |
| 1:45 | Create | Villager (Male) |
| 2:06 | Create | Villager (Male) |
| 2:06 | Create | Villager (Male) |
| 2:07 | Create | Villager (Male) |
| 2:07 | Create | Villager (Male) |
| 2:12 | Build | Farm |
| 2:55 | Build | Lumber Camp |
| 3:02 | Research | Feudal Age |
| 3:54 | Age | Feudal Age |
| 4:01 | Create | Villager (Male) |
| 4:02 | Create | Villager (Male) |
| 4:02 | Create | Villager (Male) |
| 4:02 | Create | Villager (Male) |
| 4:02 | Create | Villager (Male) |
| 4:03 | Create | Villager (Male) |
| 4:03 | Create | Villager (Male) |
| 4:03 | Create | Villager (Male) |
| 4:04 | Create | Villager (Male) |
| 4:04 | Create | Villager (Male) |
| 4:04 | Create | Villager (Male) |
| 4:12 | Research | Tech 1625 |
| 4:16 | Research | Double-Bit Axe |
| 4:24 | Research | Wheelbarrow |
| 4:25 | Research | Tech 1699 |
| 4:25 | Research | Tech 1700 |
| 4:25 | Research | Tech 1700 |
| 4:30 | Research | Town Watch |
| 4:30 | Research | Tech 1612 |
| 4:30 | Research | Tech 1613 |
| 4:40 | Research | Tech 1687 |
| 4:40 | Research | Tech 1688 |
| 4:41 | Research | Tech 1688 |
| 4:42 | Research | Tech 1624 |
| 4:43 | Research | Horse Collar |
| 5:24 | Create | Villager (Male) |
| 5:25 | Create | Villager (Male) |
| 5:25 | Create | Villager (Male) |
| 5:25 | Create | Villager (Male) |
| 5:36 | Build | Market |
| 5:39 | Build | Blacksmith |
| 5:56 | Research | Castle Age |
| 6:09 | Research | Forging |
| 6:43 | Research | Padded Archer Armor |
| 6:46 | Research | Tech 1695 |
| 6:46 | Research | Tech 1696 |
| 6:52 | Research | Fletching |
| 6:53 | Research | Tech 1681 |
| 6:53 | Research | Tech 1682 |
| 7:00 | Age | Castle Age |
| 7:14 | Build | University |
| 7:18 | Build | Monastery |
| 7:28 | Research | Imperial Age |
| 7:36 | Build | Town Center |
| 7:42 | Build | Town Center |
| 7:53 | Research | Masonry |
| 7:56 | Create | Villager (Male) ×4 |
| 8:01 | Build | House |
| 8:02 | Build | House |
| 8:09 | Build | Farm |
| 8:19 | Create | Villager (Male) |
| 8:20 | Research | Hand Cart |
| 8:21 | Research | Tech 1715 |
| 8:21 | Research | Tech 1716 |
| 8:38 | Research | Hand Cart |
| 8:38 | Research | Tech 1716 |
| 8:44 | Age | Imperial Age |
| 9:01 | Build | Siege Workshop |
| 9:27 | Build | Market |
| 9:44 | Research | Onager (upgrade) |
| 9:45 | Create | Mangonel |
| 9:49 | Create | Mangonel |
| 10:02 | Build | House |
| 10:04 | Build | House |
| 10:50 | Create | Villager (Male) ×5 |
| 10:50 | Create | Villager (Male) ×5 |
| 11:18 | Create | Mangonel |
| 11:18 | Create | Mangonel |
| 11:24 | Research | Loom |
| 11:24 | Research | Loom |
| 11:24 | Research | Tech 1628 |
| 11:24 | Research | Tech 1628 |
| 11:25 | Research | Tech 1629 |
| 11:25 | Research | Tech 1629 |
| 12:30 | Build | Town Center |
| 12:39 | Create | Villager (Male) ×5 |
| 12:40 | Create | Villager (Male) |
| 12:40 | Create | Villager (Male) |
| 12:42 | Build | Farm |
| 12:42 | Build | Farm |
| 12:43 | Build | Farm |
| 12:43 | Build | Farm |
| 12:43 | Build | Farm |
| 12:43 | Build | Farm |
| 12:44 | Build | Farm |
| 12:44 | Build | Farm |
| 12:44 | Build | Farm |
| 12:44 | Build | Farm |
| 12:45 | Build | Farm |
| 12:48 | Build | Farm |
| 12:48 | Build | Farm |
| 12:48 | Build | Farm |
| 12:48 | Build | Farm |
| 13:03 | Create | Villager (Male) ×2 |
| 13:03 | Create | Villager (Male) ×2 |
| 13:41 | Build | Farm |
| 13:42 | Build | Farm |
| 13:42 | Build | Farm |
| 13:43 | Build | Farm |
| 13:50 | Build | Mill |
| 13:50 | Create | Villager (Male) ×5 |
| 13:51 | Create | Villager (Male) ×5 |
| 13:57 | Build | Farm |
| 13:57 | Build | Farm |
| 13:57 | Build | Farm |
| 13:57 | Build | Farm |
| 13:57 | Build | Farm |
| 13:58 | Build | Farm |
| 15:30 | Build | Farm |
| 15:30 | Build | Farm |
| 15:31 | Build | Farm |
| 15:31 | Build | Farm |
| 15:32 | Build | Farm |
| 15:34 | Build | Mill |
| 15:41 | Build | Mill |
| 15:46 | Create | Villager (Male) ×5 |
| 15:47 | Create | Villager (Male) ×5 |
| 15:47 | Create | Villager (Male) ×5 |
| 15:47 | Create | Villager (Male) ×5 |
| 15:48 | Create | Villager (Male) ×5 |
| 15:48 | Create | Villager (Male) ×3 |
| 15:48 | Create | Villager (Male) ×4 |
| 15:56 | Build | Farm |
| 15:56 | Build | Farm |
| 15:56 | Build | Farm |
| 15:57 | Build | Farm |
| 15:57 | Build | Farm |
| 15:57 | Build | Farm |
| 15:57 | Build | Farm |
Build order — NoAgendaPODCAST
First 150 of 946 actions detected
| 0:40 | Build | Mill |
| 1:01 | Build | Farm |
| 1:03 | Build | Farm |
| 1:05 | Build | Farm |
| 1:09 | Build | House |
| 1:11 | Build | Farm |
| 1:28 | Build | Farm |
| 1:29 | Build | Farm |
| 1:38 | Build | Farm |
| 1:39 | Build | Farm |
| 2:42 | Create | Villager (Male) |
| 2:59 | Create | Villager (Male) |
| 3:06 | Create | Villager (Male) |
| 3:53 | Create | Villager (Male) |
| 4:00 | Build | Mule Cart |
| 4:12 | Research | Feudal Age |
| 4:18 | Build | Mule Cart |
| 4:26 | Create | Villager (Male) |
| 4:57 | Build | Mill |
| 5:13 | Age | Feudal Age |
| 5:16 | Research | Double-Bit Axe |
| 5:16 | Research | Tech 1687 |
| 5:16 | Research | Tech 1688 |
| 5:31 | Create | Villager (Male) |
| 5:45 | Create | Villager (Male) |
| 5:52 | Build | Blacksmith |
| 6:13 | Build | Market |
| 6:25 | Build | Mill |
| 6:32 | Create | Villager (Male) |
| 6:43 | Research | Castle Age |
| 8:00 | Age | Castle Age |
| 8:06 | Create | Villager (Male) |
| 8:12 | Build | Town Center |
| 8:33 | Create | Villager (Male) |
| 8:34 | Create | Villager (Male) |
| 8:34 | Create | Villager (Male) |
| 8:34 | Create | Villager (Male) |
| 8:35 | Create | Villager (Male) |
| 8:35 | Create | Villager (Male) |
| 8:39 | Research | Bow Saw |
| 8:45 | Create | Villager (Male) |
| 8:46 | Create | Villager (Male) |
| 8:46 | Create | Villager (Male) |
| 9:17 | Research | Tech 1691 |
| 9:18 | Research | Tech 1691 |
| 9:18 | Research | Tech 1692 |
| 9:20 | Create | Villager (Male) |
| 9:20 | Create | Villager (Male) |
| 9:34 | Research | Wheelbarrow |
| 9:35 | Research | Tech 1699 |
| 9:35 | Research | Tech 1699 |
| 9:41 | Research | Wheelbarrow |
| 9:41 | Research | Tech 1700 |
| 9:41 | Research | Tech 1700 |
| 9:57 | Build | Farm |
| 10:02 | Build | Farm |
| 10:26 | Create | Villager (Male) |
| 10:28 | Create | Villager (Male) |
| 10:51 | Build | Farm |
| 10:52 | Create | Villager (Male) |
| 10:58 | Build | Dock |
| 11:13 | Build | Dock |
| 11:20 | Build | Dock |
| 11:23 | Build | Dock |
| 11:26 | Build | Dock |
| 11:30 | Create | Villager (Male) |
| 11:31 | Create | Villager (Male) |
| 11:40 | Create | Villager (Male) |
| 11:40 | Create | Villager (Male) |
| 11:49 | Research | Stone Mining |
| 11:50 | Research | Tech 1723 |
| 11:50 | Research | Tech 1724 |
| 11:51 | Research | Tech 1727 |
| 11:51 | Research | Tech 1728 |
| 11:52 | Research | Gold Mining |
| 11:53 | Research | Tech 1653 |
| 11:53 | Research | Tech 1654 |
| 11:53 | Research | Gold Shaft Mining |
| 11:54 | Research | Tech 1677 |
| 11:54 | Research | Tech 1677 |
| 11:54 | Research | Tech 1678 |
| 11:54 | Research | Tech 1678 |
| 12:02 | Build | Mule Cart |
| 12:04 | Create | Villager (Male) |
| 12:04 | Create | Villager (Male) |
| 12:10 | Build | Monastery |
| 12:22 | Build | Siege Workshop |
| 12:52 | Research | Tech 1960 |
| 12:52 | Research | Tech 1960 |
| 12:52 | Research | Tech 1961 |
| 12:52 | Research | Tech 1961 |
| 12:53 | Research | Tech 1962 |
| 12:54 | Create | Fishing Ship |
| 12:54 | Create | Fishing Ship |
| 12:55 | Create | Fishing Ship |
| 12:55 | Create | Fishing Ship |
| 12:56 | Create | Fishing Ship |
| 12:57 | Create | Fishing Ship |
| 12:58 | Create | Fishing Ship |
| 12:59 | Create | Fishing Ship |
| 13:00 | Create | Fishing Ship |
| 13:00 | Create | Fishing Ship |
| 13:05 | Create | Mangonel |
| 13:08 | Research | Imperial Age |
| 13:10 | Create | Villager (Male) |
| 13:10 | Create | Villager (Male) |
| 13:11 | Research | Loom |
| 13:11 | Research | Tech 1628 |
| 13:12 | Research | Tech 1629 |
| 13:27 | Create | Villager (Male) |
| 13:27 | Create | Villager (Male) |
| 13:28 | Create | Villager (Male) |
| 13:31 | Build | Town Center |
| 13:36 | Build | Town Center |
| 13:59 | Build | Castle |
| 14:27 | Age | Imperial Age |
| 14:35 | Build | Fish Trap |
| 14:43 | Research | Fereters |
| 14:44 | Research | Tech 1934 |
| 14:44 | Research | Tech 1935 |
| 15:05 | Research | Onager (upgrade) |
| 15:10 | Create | Monk |
| 15:18 | Build | Fish Trap |
| 15:22 | Build | Fish Trap |
| 15:26 | Build | Fish Trap |
| 15:29 | Build | Fish Trap |
| 15:34 | Build | Fish Trap |
| 15:38 | Build | Fish Trap |
| 15:49 | Build | Fish Trap |
| 16:32 | Create | Mangonel |
| 16:32 | Create | Mangonel |
| 16:38 | Research | Tech 1705 |
| 16:39 | Research | Tech 1706 |
| 16:44 | Research | Tech 1625 |
| 16:44 | Research | Tech 1624 |
| 16:45 | Research | Horse Collar |
| 16:49 | Create | Villager (Male) |
| 16:49 | Create | Villager (Male) |
| 16:49 | Create | Villager (Male) |
| 16:54 | Create | Mangonel |
| 17:14 | Create | Villager (Male) |
| 17:14 | Create | Villager (Male) |
| 17:17 | Research | Cilician Fleet |
| 17:18 | Research | Elite Composite Bowman (upgrade) |
| 17:19 | Research | Conscription |
| 17:19 | Research | Conscription |
| 17:19 | Research | Sappers |
| 17:19 | Research | Tech 1735 |
| 17:20 | Research | Tech 1736 |
| 17:20 | Research | Tech 1736 |
Build order — Vince
First 150 of 606 actions detected
| 0:06 | Build | Lumber Camp |
| 0:08 | Build | Mill |
| 0:53 | Build | Farm |
| 0:57 | Build | Farm |
| 1:00 | Build | Farm |
| 1:02 | Build | Farm |
| 1:08 | Build | House |
| 1:12 | Build | Farm |
| 1:27 | Build | Farm |
| 1:31 | Build | Farm |
| 1:53 | Build | Farm |
| 2:33 | Create | Villager (Male) ×5 |
| 3:06 | Research | Feudal Age |
| 3:44 | Create | Villager (Male) |
| 3:44 | Create | Villager (Male) |
| 4:02 | Build | Farm |
| 4:07 | Build | Lumber Camp |
| 4:15 | Age | Feudal Age |
| 4:24 | Research | Wheelbarrow |
| 4:25 | Research | Tech 1699 |
| 4:25 | Research | Tech 1699 |
| 4:25 | Research | Tech 1700 |
| 4:29 | Research | Double-Bit Axe |
| 4:29 | Research | Double-Bit Axe |
| 4:29 | Research | Tech 1687 |
| 4:30 | Research | Tech 1687 |
| 4:30 | Research | Tech 1688 |
| 4:30 | Research | Tech 1688 |
| 4:37 | Build | Market |
| 4:43 | Build | Blacksmith |
| 4:48 | Create | Villager (Male) |
| 4:49 | Create | Villager (Male) |
| 4:56 | Build | Farm |
| 5:15 | Research | Castle Age |
| 6:20 | Age | Castle Age |
| 6:23 | Build | Town Center |
| 6:28 | Research | Bow Saw |
| 6:29 | Research | Tech 1691 |
| 6:29 | Research | Tech 1691 |
| 6:29 | Research | Tech 1692 |
| 6:29 | Research | Tech 1692 |
| 6:31 | Research | Hand Cart |
| 6:32 | Research | Hand Cart |
| 6:32 | Research | Tech 1715 |
| 6:32 | Research | Tech 1715 |
| 6:33 | Research | Tech 1716 |
| 6:38 | Build | Siege Workshop |
| 6:44 | Build | Monastery |
| 6:46 | Create | Mangonel |
| 6:46 | Create | Mangonel |
| 6:51 | Research | Imperial Age |
| 6:54 | Research | Fervor |
| 6:55 | Research | Fervor |
| 6:55 | Research | Tech 1717 |
| 6:55 | Research | Tech 1717 |
| 6:56 | Research | Tech 1718 |
| 6:56 | Research | Atonement |
| 7:06 | Research | Loom |
| 7:06 | Research | Loom |
| 7:07 | Create | Villager (Male) |
| 7:07 | Create | Villager (Male) |
| 7:11 | Build | Farm |
| 7:22 | Research | Devotion |
| 7:22 | Research | Devotion |
| 7:22 | Research | Tech 1638 |
| 7:23 | Research | Tech 1639 |
| 7:24 | Research | Herbal Medicine |
| 7:25 | Research | Tech 1756 |
| 7:25 | Research | Tech 1757 |
| 7:26 | Research | Tech 1757 |
| 7:27 | Research | Sanctity |
| 7:27 | Create | Monk |
| 7:28 | Create | Monk |
| 7:28 | Create | Monk |
| 7:28 | Create | Monk |
| 7:28 | Create | Monk |
| 7:30 | Research | Heresy |
| 7:31 | Research | Heresy |
| 7:31 | Research | Heresy |
| 7:31 | Research | Heresy |
| 7:37 | Create | Villager (Male) ×2 |
| 8:05 | Build | Town Center |
| 8:07 | Age | Imperial Age |
| 8:19 | Research | Two-Man Saw |
| 8:19 | Research | Tech 1705 |
| 8:20 | Research | Tech 1706 |
| 8:20 | Research | Tech 1706 |
| 8:24 | Build | Farm |
| 8:34 | Create | Villager (Male) ×5 |
| 8:37 | Create | Villager (Male) ×3 |
| 8:51 | Research | Onager (upgrade) |
| 8:55 | Research | Block Printing |
| 8:55 | Research | Block Printing |
| 8:56 | Research | Tech 1709 |
| 8:56 | Research | Tech 1713 |
| 8:57 | Research | Tech 1714 |
| 8:57 | Research | Tech 1714 |
| 8:58 | Research | Tech 1710 |
| 8:58 | Research | Tech 1710 |
| 9:01 | Create | Villager (Male) ×5 |
| 9:18 | Research | Faith |
| 9:18 | Research | Tech 1711 |
| 9:19 | Research | Tech 1636 |
| 9:19 | Research | Tech 1712 |
| 9:19 | Research | Tech 1636 |
| 9:19 | Research | Tech 1712 |
| 9:19 | Research | Tech 1636 |
| 9:19 | Research | Tech 1712 |
| 9:32 | Research | Town Watch |
| 9:41 | Research | Tech 1612 |
| 9:42 | Research | Tech 1612 |
| 9:42 | Research | Tech 1613 |
| 9:42 | Create | Villager (Male) ×5 |
| 9:43 | Create | Villager (Male) ×5 |
| 9:48 | Build | Town Center |
| 10:06 | Create | Villager (Male) ×5 |
| 10:07 | Create | Villager (Male) ×2 |
| 10:07 | Create | Villager (Male) ×2 |
| 10:09 | Research | Tech 1636 |
| 10:10 | Research | Tech 1712 |
| 10:10 | Research | Tech 1636 |
| 10:10 | Research | Tech 1712 |
| 10:10 | Research | Tech 1637 |
| 10:15 | Build | Barracks |
| 10:18 | Research | Tech 1628 |
| 10:18 | Research | Tech 1629 |
| 10:33 | Research | Heresy |
| 10:33 | Research | Theocracy |
| 10:41 | Build | Blacksmith |
| 10:45 | Create | Villager (Male) ×2 |
| 11:03 | Create | Villager (Male) ×4 |
| 11:15 | Build | Mining Camp |
| 11:25 | Build | Castle |
| 11:55 | Research | Eagle Warrior (upgrade) |
| 11:55 | Research | Squires |
| 11:56 | Research | Tech 1701 |
| 11:56 | Research | Tech 1701 |
| 11:56 | Research | Tech 1702 |
| 11:57 | Research | Tech 1702 |
| 11:57 | Research | Tech 1702 |
| 11:58 | Research | Forging |
| 11:58 | Research | Forging |
| 11:58 | Research | Tech 1661 |
| 11:58 | Research | Tech 1661 |
| 11:59 | Research | Tech 1662 |
| 12:17 | Research | Conscription |
| 12:17 | Research | Tech 1733 |
| 12:18 | Research | Tech 1733 |
| 12:18 | Research | Tech 1734 |
| 12:19 | Research | Tech 27 |
Build order — Mehandor
First 150 of 655 actions detected
| 0:25 | Build | Mill |
| 0:50 | Build | Farm |
| 0:51 | Build | Farm |
| 0:51 | Build | Farm |
| 0:51 | Build | Farm |
| 0:51 | Build | Farm |
| 0:52 | Build | Farm |
| 0:52 | Build | Farm |
| 0:52 | Build | Farm |
| 0:53 | Build | Farm |
| 0:53 | Build | Farm |
| 0:53 | Build | Farm |
| 0:54 | Build | Farm |
| 0:54 | Build | Farm |
| 0:54 | Build | Farm |
| 0:55 | Build | Farm |
| 0:55 | Build | Farm |
| 0:55 | Build | Farm |
| 0:56 | Build | Farm |
| 0:56 | Build | Farm |
| 0:57 | Build | Farm |
| 0:57 | Build | Farm |
| 0:58 | Build | Farm |
| 0:58 | Build | Farm |
| 0:58 | Build | Farm |
| 0:59 | Build | Farm |
| 0:59 | Build | Farm |
| 1:00 | Build | Farm |
| 1:00 | Build | Farm |
| 1:00 | Build | Farm |
| 1:01 | Build | Farm |
| 1:01 | Build | Farm |
| 1:02 | Build | Farm |
| 1:02 | Build | Farm |
| 1:02 | Build | Farm |
| 1:03 | Build | Farm |
| 1:03 | Build | Farm |
| 1:04 | Build | Farm |
| 1:04 | Build | Farm |
| 1:04 | Build | Farm |
| 1:05 | Build | Farm |
| 1:05 | Build | Farm |
| 1:06 | Build | Farm |
| 1:45 | Build | Farm |
| 1:53 | Build | Farm |
| 2:04 | Build | Mule Cart |
| 2:59 | Research | Feudal Age |
| 3:01 | Create | Villager (Male) |
| 3:01 | Create | Villager (Male) |
| 3:51 | Age | Feudal Age |
| 3:56 | Build | House |
| 3:57 | Build | House |
| 4:15 | Research | Double-Bit Axe |
| 4:16 | Research | Double-Bit Axe |
| 4:16 | Research | Double-Bit Axe |
| 4:16 | Research | Tech 1687 |
| 4:16 | Research | Tech 1687 |
| 4:16 | Research | Tech 1687 |
| 4:16 | Research | Tech 1688 |
| 4:17 | Research | Tech 1688 |
| 4:17 | Research | Tech 1688 |
| 4:18 | Research | Tech 1625 |
| 4:18 | Research | Tech 1625 |
| 4:18 | Research | Tech 1625 |
| 4:18 | Research | Tech 1624 |
| 4:19 | Research | Tech 1624 |
| 4:19 | Research | Horse Collar |
| 4:19 | Research | Horse Collar |
| 4:21 | Create | Villager (Male) |
| 4:54 | Create | Villager (Male) |
| 5:20 | Create | Villager (Male) |
| 5:56 | Build | Mill |
| 6:06 | Create | Villager (Male) |
| 6:14 | Build | Market |
| 6:21 | Build | Blacksmith |
| 6:37 | Research | Castle Age |
| 7:32 | Create | Villager (Male) |
| 7:41 | Age | Castle Age |
| 7:43 | Research | Bow Saw |
| 7:43 | Research | Bow Saw |
| 7:43 | Research | Bow Saw |
| 7:43 | Research | Tech 1691 |
| 7:43 | Research | Tech 1691 |
| 7:44 | Research | Tech 1691 |
| 7:44 | Research | Tech 1691 |
| 7:44 | Research | Tech 1692 |
| 7:44 | Research | Tech 1692 |
| 7:44 | Research | Tech 1692 |
| 7:46 | Research | Tech 1623 |
| 7:46 | Research | Tech 1623 |
| 7:46 | Research | Tech 1622 |
| 7:46 | Research | Tech 1622 |
| 7:46 | Research | Tech 1622 |
| 8:06 | Research | Heavy Plow |
| 8:06 | Research | Heavy Plow |
| 8:10 | Create | Villager (Male) |
| 8:11 | Create | Villager (Male) |
| 8:15 | Create | Villager (Male) ×2 |
| 8:15 | Create | Villager (Male) ×2 |
| 8:59 | Build | Dock |
| 9:12 | Create | Villager (Male) |
| 9:12 | Create | Villager (Male) |
| 9:12 | Create | Villager (Male) |
| 9:37 | Build | Dock |
| 9:54 | Build | Dock |
| 10:00 | Build | Dock |
| 10:20 | Build | Dock |
| 10:26 | Build | Dock |
| 10:33 | Build | Dock |
| 10:39 | Create | Villager (Male) |
| 11:10 | Build | Siege Workshop |
| 11:12 | Build | Monastery |
| 11:24 | Create | Fishing Ship |
| 11:24 | Create | Fishing Ship |
| 11:24 | Create | Fishing Ship |
| 11:25 | Create | Fishing Ship |
| 11:36 | Research | Imperial Age |
| 11:37 | Research | Imperial Age |
| 11:42 | Create | Mangonel |
| 11:52 | Research | Tech 1960 |
| 11:52 | Research | Tech 1960 |
| 11:53 | Research | Tech 1961 |
| 11:53 | Research | Tech 1961 |
| 11:53 | Research | Tech 1962 |
| 12:09 | Research | Gillnets |
| 12:09 | Research | Tech 1659 |
| 12:09 | Research | Tech 1659 |
| 12:10 | Research | Tech 1660 |
| 12:10 | Research | Tech 1660 |
| 12:12 | Create | Fishing Ship ×5 |
| 12:27 | Research | Wheelbarrow |
| 12:27 | Research | Wheelbarrow |
| 12:28 | Research | Tech 1699 |
| 12:28 | Research | Tech 1699 |
| 12:28 | Research | Tech 1700 |
| 12:28 | Research | Tech 1700 |
| 12:52 | Age | Imperial Age |
| 13:00 | Research | Onager (upgrade) |
| 13:00 | Research | Onager (upgrade) |
| 13:27 | Build | Fish Trap |
| 13:32 | Build | Fish Trap |
| 13:37 | Research | Two-Man Saw |
| 13:37 | Research | Two-Man Saw |
| 13:37 | Research | Tech 1705 |
| 13:37 | Research | Tech 1705 |
| 13:37 | Research | Tech 1705 |
| 13:38 | Research | Tech 1706 |
| 13:38 | Research | Tech 1706 |
| 13:38 | Research | Tech 1706 |
| 13:40 | Research | Tech 1621 |
Build order — Pilot in training
First 150 of 376 actions detected
| 0:17 | Build | House |
| 0:21 | Build | Mill |
| 0:29 | Build | Farm |
| 0:55 | Build | Farm |
| 0:59 | Build | Farm |
| 1:08 | Build | Farm |
| 1:25 | Build | Farm |
| 1:29 | Build | Farm |
| 1:56 | Build | Lumber Camp |
| 2:00 | Build | Farm |
| 2:12 | Build | Farm |
| 4:35 | Research | Feudal Age |
| 4:35 | Research | Feudal Age |
| 5:27 | Age | Feudal Age |
| 5:29 | Research | Wheelbarrow |
| 5:30 | Research | Wheelbarrow |
| 5:30 | Research | Tech 1699 |
| 5:30 | Research | Tech 1699 |
| 5:31 | Research | Tech 1700 |
| 5:31 | Research | Tech 1700 |
| 5:34 | Research | Town Watch |
| 5:34 | Research | Town Watch |
| 5:34 | Research | Tech 1612 |
| 5:35 | Research | Tech 1612 |
| 5:35 | Research | Tech 1613 |
| 5:35 | Research | Tech 1613 |
| 5:44 | Research | Double-Bit Axe |
| 5:44 | Research | Double-Bit Axe |
| 5:44 | Research | Tech 1687 |
| 5:45 | Research | Tech 1687 |
| 5:45 | Research | Tech 1688 |
| 6:03 | Build | Blacksmith |
| 6:15 | Build | Market |
| 6:26 | Research | Castle Age |
| 7:30 | Age | Castle Age |
| 7:36 | Research | Hand Cart |
| 7:36 | Research | Hand Cart |
| 7:37 | Research | Tech 1715 |
| 7:37 | Research | Tech 1715 |
| 7:37 | Research | Tech 1716 |
| 7:38 | Research | Tech 1716 |
| 7:50 | Build | University |
| 7:57 | Build | Monastery |
| 8:11 | Build | Town Center |
| 8:31 | Research | Fervor |
| 8:31 | Research | Fervor |
| 8:32 | Research | Tech 1717 |
| 8:32 | Research | Tech 1717 |
| 8:32 | Research | Tech 1718 |
| 8:32 | Research | Tech 1718 |
| 8:37 | Research | Imperial Age |
| 8:37 | Research | Imperial Age |
| 8:43 | Build | Monastery |
| 8:55 | Research | Devotion |
| 8:56 | Research | Tech 1638 |
| 8:56 | Research | Tech 1638 |
| 8:56 | Research | Tech 1639 |
| 8:57 | Research | Tech 1711 |
| 8:58 | Research | Tech 1711 |
| 8:58 | Research | Tech 1712 |
| 9:00 | Research | Heresy |
| 9:00 | Research | Heresy |
| 9:02 | Research | Atonement |
| 9:04 | Research | Tech 1756 |
| 9:04 | Research | Tech 1756 |
| 9:04 | Research | Tech 1757 |
| 9:05 | Research | Tech 1757 |
| 9:19 | Research | Bow Saw |
| 9:19 | Research | Bow Saw |
| 9:19 | Research | Tech 1691 |
| 9:20 | Research | Tech 1691 |
| 9:20 | Research | Tech 1692 |
| 9:26 | Create | Villager (Male) ×5 |
| 9:48 | Research | Tech 1625 |
| 9:48 | Research | Tech 1625 |
| 9:49 | Research | Tech 1624 |
| 9:49 | Research | Tech 1624 |
| 9:49 | Research | Horse Collar |
| 9:53 | Age | Imperial Age |
| 10:27 | Build | Farm |
| 10:52 | Build | Market |
| 11:20 | Build | Castle |
| 11:43 | Research | Two-Man Saw |
| 11:43 | Research | Two-Man Saw |
| 11:44 | Research | Tech 1705 |
| 11:44 | Research | Tech 1705 |
| 11:44 | Research | Tech 1706 |
| 11:56 | Build | Siege Workshop |
| 12:00 | Research | Block Printing |
| 12:00 | Research | Tech 1713 |
| 12:01 | Research | Tech 1713 |
| 12:01 | Research | Tech 1714 |
| 12:02 | Research | Faith |
| 12:02 | Research | Tech 1709 |
| 12:02 | Research | Tech 1709 |
| 12:04 | Research | Tech 1636 |
| 12:04 | Research | Tech 1636 |
| 12:05 | Research | Tech 1710 |
| 12:05 | Research | Tech 1710 |
| 12:06 | Research | Tech 1637 |
| 12:06 | Research | Tech 1637 |
| 12:13 | Build | Lumber Camp |
| 12:18 | Research | Tech 49 |
| 12:20 | Research | Tech 1644 |
| 12:35 | Build | Farm |
| 13:38 | Research | Onager (upgrade) |
| 13:39 | Create | Mangonel |
| 13:45 | Research | Conscription |
| 13:45 | Research | Conscription |
| 13:45 | Research | Tech 1733 |
| 13:46 | Research | Tech 1733 |
| 13:54 | Build | Farm |
| 13:55 | Create | Villager (Male) |
| 13:56 | Create | Villager (Male) |
| 14:03 | Create | Villager (Male) |
| 14:04 | Create | Villager (Male) |
| 14:04 | Create | Villager (Male) |
| 14:04 | Create | Villager (Male) |
| 14:08 | Build | Farm |
| 14:38 | Build | Mill |
| 14:59 | Create | Villager (Male) ×4 |
| 16:24 | Build | Mining Camp |
| 16:51 | Research | Elite Berserk (upgrade) |
| 17:00 | Build | Farm |
| 17:02 | Build | Farm |
| 17:05 | Build | Farm |
| 17:07 | Build | Farm |
| 17:11 | Build | Farm |
| 17:20 | Create | Villager (Male) ×3 |
| 17:31 | Create | Villager (Male) ×5 |
| 17:36 | Research | Chieftains |
| 17:36 | Research | Chieftains |
| 17:47 | Create | Berserk ×5 |
| 17:48 | Create | Berserk ×2 |
| 18:29 | Build | Blacksmith |
| 18:37 | Build | Farm |
| 18:39 | Build | Farm |
| 18:46 | Build | Farm |
| 18:55 | Research | Stone Mining |
| 18:55 | Research | Stone Mining |
| 18:55 | Research | Tech 1723 |
| 18:56 | Research | Tech 1723 |
| 18:56 | Research | Tech 1724 |
| 18:59 | Create | Berserk ×5 |
| 19:00 | Create | Berserk ×5 |
| 19:00 | Create | Berserk ×5 |
| 19:00 | Create | Berserk ×5 |
| 19:03 | Create | Berserk ×2 |
| 19:03 | Create | Berserk ×2 |
| 19:22 | Build | Barracks |
Build order — Wozbo
75 actions detected in the replay
| 0:35 | Build | Mill |
| 0:46 | Build | Farm |
| 0:49 | Build | Farm |
| 0:52 | Build | Farm |
| 0:57 | Build | Farm |
| 1:01 | Build | Farm |
| 1:05 | Build | Farm |
| 2:00 | Build | Mule Cart |
| 2:05 | Create | Villager (Male) |
| 2:22 | Build | Farm |
| 2:25 | Build | House |
| 2:35 | Build | Mule Cart |
| 2:40 | Build | Mule Cart |
| 2:44 | Build | Mule Cart |
| 2:49 | Build | Mule Cart |
| 3:02 | Build | Mule Cart |
| 3:07 | Research | Feudal Age |
| 3:15 | Create | Villager (Male) |
| 3:52 | Create | Villager (Male) |
| 3:59 | Age | Feudal Age |
| 4:24 | Research | Double-Bit Axe |
| 4:24 | Research | Tech 1687 |
| 4:25 | Research | Tech 1688 |
| 4:27 | Create | Villager (Male) |
| 4:31 | Build | Market |
| 5:02 | Create | Villager (Male) |
| 5:14 | Create | Villager (Male) |
| 5:52 | Research | Stone Mining |
| 5:52 | Research | Tech 1723 |
| 5:52 | Research | Tech 1724 |
| 5:54 | Research | Gold Mining |
| 5:54 | Research | Tech 1653 |
| 5:55 | Research | Tech 1654 |
| 5:55 | Research | Tech 1654 |
| 6:07 | Build | Blacksmith |
| 6:16 | Create | Villager (Male) |
| 6:26 | Research | Castle Age |
| 6:32 | Research | Padded Archer Armor |
| 6:32 | Research | Tech 1695 |
| 6:32 | Research | Tech 1696 |
| 7:27 | Create | Villager (Male) ×5 |
| 7:44 | Age | Castle Age |
| 7:45 | Research | Gold Shaft Mining |
| 7:46 | Research | Tech 1677 |
| 7:46 | Research | Tech 1678 |
| 7:47 | Research | Stone Shaft Mining |
| 7:47 | Research | Tech 1727 |
| 7:48 | Research | Tech 1728 |
| 7:48 | Research | Tech 1728 |
| 7:49 | Research | Bow Saw |
| 7:49 | Research | Tech 1691 |
| 7:50 | Research | Tech 1692 |
| 7:54 | Create | Villager (Male) |
| 8:11 | Create | Villager (Male) |
| 8:49 | Build | Mule Cart |
| 9:02 | Build | Town Center |
| 9:48 | Create | Villager (Male) ×5 |
| 10:06 | Build | Monastery |
| 10:12 | Create | Villager (Male) ×5 |
| 10:55 | Create | Villager (Male) ×5 |
| 11:12 | Build | Farm |
| 11:22 | Build | Mule Cart |
| 11:30 | Build | Farm |
| 11:36 | Build | Farm |
| 11:48 | Build | Farm |
| 11:51 | Build | Farm |
| 11:58 | Build | University |
| 12:15 | Research | Imperial Age |
| 12:58 | Research | Chemistry |
| 13:23 | Build | Castle |
| 13:32 | Age | Imperial Age |
| 13:37 | Build | Siege Workshop |
| 13:52 | Create | Bombard Cannon |
| 14:13 | Create | Villager (Male) ×5 |
| 14:32 | Create | War Wagon ×2 |
Build order — whobro123
First 150 of 425 actions detected
| 0:08 | Build | House |
| 0:16 | Build | Mill |
| 0:35 | Build | Farm |
| 0:48 | Build | Farm |
| 0:56 | Build | Farm |
| 1:08 | Build | Farm |
| 1:19 | Build | Farm |
| 1:22 | Build | Farm |
| 1:31 | Build | Farm |
| 1:45 | Build | Farm |
| 2:09 | Create | Villager (Male) |
| 2:10 | Create | Villager (Male) |
| 2:15 | Create | Villager (Male) |
| 2:37 | Create | Villager (Male) |
| 2:37 | Create | Villager (Male) |
| 2:38 | Create | Villager (Male) |
| 3:28 | Build | Mule Cart |
| 3:35 | Research | Feudal Age |
| 3:36 | Research | Feudal Age |
| 4:06 | Create | Villager (Male) |
| 4:07 | Create | Villager (Male) |
| 4:36 | Create | Villager (Male) |
| 4:40 | Age | Feudal Age |
| 4:44 | Build | Market |
| 4:47 | Build | Blacksmith |
| 4:57 | Research | Double-Bit Axe |
| 4:58 | Research | Double-Bit Axe |
| 4:58 | Research | Tech 1687 |
| 4:58 | Research | Tech 1687 |
| 4:59 | Research | Tech 1688 |
| 4:59 | Research | Tech 1688 |
| 5:55 | Research | Castle Age |
| 6:27 | Create | Villager (Male) |
| 6:27 | Create | Villager (Male) |
| 6:42 | Create | Villager (Male) |
| 6:59 | Age | Castle Age |
| 7:13 | Build | Town Center |
| 7:25 | Research | Wheelbarrow |
| 7:26 | Research | Wheelbarrow |
| 7:27 | Research | Tech 1699 |
| 7:28 | Research | Tech 1699 |
| 7:41 | Build | Town Center |
| 7:55 | Build | Town Center |
| 8:04 | Research | Tech 1700 |
| 8:05 | Create | Villager (Male) |
| 8:05 | Create | Villager (Male) |
| 8:06 | Create | Villager (Male) |
| 8:06 | Create | Villager (Male) |
| 8:25 | Create | Villager (Male) |
| 8:25 | Create | Villager (Male) |
| 8:26 | Create | Villager (Male) |
| 8:27 | Create | Villager (Male) |
| 8:34 | Create | Villager (Male) |
| 8:35 | Create | Villager (Male) |
| 8:55 | Create | Villager (Male) |
| 8:55 | Create | Villager (Male) |
| 8:57 | Create | Villager (Male) |
| 8:57 | Create | Villager (Male) |
| 9:10 | Create | Villager (Male) |
| 9:10 | Create | Villager (Male) |
| 9:11 | Create | Villager (Male) |
| 9:12 | Create | Villager (Male) |
| 9:12 | Create | Villager (Male) |
| 9:21 | Create | Villager (Male) |
| 9:22 | Create | Villager (Male) |
| 9:26 | Create | Villager (Male) |
| 9:27 | Create | Villager (Male) |
| 9:48 | Research | Hand Cart |
| 9:48 | Research | Hand Cart |
| 9:48 | Research | Hand Cart |
| 10:00 | Create | Villager (Male) |
| 10:01 | Create | Villager (Male) |
| 10:01 | Create | Villager (Male) |
| 10:09 | Build | Mule Cart |
| 10:24 | Create | Villager (Male) |
| 10:24 | Create | Villager (Male) |
| 10:39 | Research | Tech 1715 |
| 10:39 | Research | Tech 1715 |
| 10:46 | Create | Villager (Male) |
| 10:46 | Create | Villager (Male) |
| 10:47 | Create | Villager (Male) |
| 10:47 | Create | Villager (Male) |
| 11:19 | Build | Town Center |
| 11:30 | Research | Tech 1716 |
| 11:30 | Research | Tech 1716 |
| 11:31 | Create | Villager (Male) |
| 11:32 | Create | Villager (Male) |
| 11:32 | Create | Villager (Male) |
| 11:33 | Create | Villager (Male) |
| 11:33 | Create | Villager (Male) |
| 11:33 | Create | Villager (Male) |
| 11:34 | Create | Villager (Male) |
| 11:34 | Create | Villager (Male) |
| 11:53 | Build | Town Center |
| 12:21 | Research | Gold Mining |
| 12:21 | Research | Stone Mining |
| 12:22 | Research | Gold Mining |
| 12:22 | Research | Stone Mining |
| 12:22 | Research | Tech 1653 |
| 12:22 | Research | Tech 1723 |
| 12:22 | Research | Tech 1653 |
| 12:22 | Research | Tech 1723 |
| 12:23 | Research | Tech 1654 |
| 12:23 | Research | Stone Shaft Mining |
| 12:23 | Research | Tech 1654 |
| 12:23 | Research | Stone Shaft Mining |
| 12:23 | Research | Tech 1677 |
| 12:23 | Research | Tech 1724 |
| 12:24 | Research | Tech 1677 |
| 12:24 | Research | Tech 1724 |
| 12:24 | Research | Tech 1678 |
| 12:24 | Research | Tech 1727 |
| 12:24 | Research | Tech 1678 |
| 12:24 | Research | Tech 1727 |
| 12:25 | Research | Tech 1728 |
| 12:25 | Research | Tech 1728 |
| 12:50 | Create | Villager (Male) |
| 12:51 | Create | Villager (Male) |
| 12:51 | Create | Villager (Male) |
| 12:51 | Create | Villager (Male) |
| 12:52 | Create | Villager (Male) |
| 13:04 | Create | Villager (Male) |
| 13:04 | Create | Villager (Male) |
| 13:04 | Create | Villager (Male) |
| 13:04 | Create | Villager (Male) |
| 13:05 | Create | Villager (Male) |
| 13:05 | Create | Villager (Male) |
| 13:06 | Create | Villager (Male) |
| 13:06 | Create | Villager (Male) |
| 13:06 | Create | Villager (Male) |
| 13:14 | Build | Castle |
| 13:43 | Create | Villager (Male) |
| 13:43 | Create | Villager (Male) |
| 13:44 | Create | Villager (Male) |
| 13:44 | Create | Villager (Male) |
| 13:45 | Create | Villager (Male) |
| 13:45 | Create | Villager (Male) |
| 13:46 | Create | Villager (Male) |
| 13:46 | Create | Villager (Male) |
| 13:46 | Create | Villager (Male) |
| 13:47 | Create | Villager (Male) |
| 13:47 | Create | Villager (Male) |
| 13:47 | Create | Villager (Male) |
| 13:49 | Create | Villager (Male) |
| 13:49 | Create | Villager (Male) |
| 13:49 | Create | Villager (Male) |
| 14:36 | Research | Imperial Age |
| 14:38 | Research | Loom |
| 14:38 | Research | Tech 1628 |
| 14:38 | Research | Tech 1628 |
Build order — liehuo22
First 150 of 849 actions detected
| 0:19 | Build | Mill |
| 0:21 | Build | House |
| 0:31 | Build | Farm |
| 0:53 | Build | Farm |
| 0:57 | Build | Farm |
| 0:58 | Build | Farm |
| 1:02 | Build | Farm |
| 1:19 | Build | Farm |
| 1:34 | Build | Farm |
| 1:40 | Build | Farm |
| 2:16 | Build | Farm |
| 2:20 | Create | Villager (Male) |
| 2:40 | Create | Villager (Male) |
| 2:50 | Build | Lumber Camp |
| 2:56 | Research | Feudal Age |
| 2:56 | Research | Feudal Age |
| 2:57 | Research | Feudal Age |
| 3:27 | Create | Villager (Male) |
| 3:28 | Create | Villager (Male) |
| 3:28 | Create | Villager (Male) |
| 3:28 | Create | Villager (Male) |
| 4:01 | Age | Feudal Age |
| 4:06 | Build | Market |
| 4:10 | Research | Double-Bit Axe |
| 4:11 | Research | Double-Bit Axe |
| 4:11 | Research | Tech 1687 |
| 4:12 | Research | Tech 1687 |
| 4:12 | Research | Tech 1688 |
| 4:13 | Research | Tech 1688 |
| 4:18 | Build | Farm |
| 4:42 | Build | Blacksmith |
| 4:50 | Research | Wheelbarrow |
| 4:50 | Research | Wheelbarrow |
| 4:50 | Research | Wheelbarrow |
| 4:51 | Research | Tech 1699 |
| 4:51 | Research | Tech 1699 |
| 4:51 | Research | Tech 1699 |
| 4:52 | Research | Tech 1700 |
| 4:52 | Research | Tech 1700 |
| 4:54 | Research | Castle Age |
| 4:54 | Research | Castle Age |
| 4:54 | Research | Castle Age |
| 5:09 | Build | Farm |
| 5:51 | Create | Villager (Male) |
| 5:51 | Create | Villager (Male) |
| 5:51 | Create | Villager (Male) |
| 5:52 | Create | Villager (Male) |
| 5:52 | Create | Villager (Male) |
| 5:58 | Age | Castle Age |
| 5:59 | Research | Bow Saw |
| 5:59 | Research | Bow Saw |
| 5:59 | Research | Tech 1691 |
| 6:00 | Research | Tech 1691 |
| 6:00 | Research | Tech 1692 |
| 6:00 | Research | Tech 1692 |
| 6:04 | Research | Hand Cart |
| 6:05 | Research | Hand Cart |
| 6:05 | Research | Tech 1715 |
| 6:05 | Research | Tech 1715 |
| 6:06 | Research | Tech 1716 |
| 6:06 | Research | Tech 1716 |
| 6:12 | Create | Villager (Male) |
| 6:12 | Create | Villager (Male) |
| 6:13 | Create | Villager (Male) |
| 6:13 | Create | Villager (Male) |
| 6:13 | Create | Villager (Male) |
| 6:14 | Create | Villager (Male) |
| 6:32 | Build | Lumber Camp |
| 6:39 | Build | Siege Workshop |
| 7:00 | Build | Monastery |
| 7:09 | Research | Tech 1625 |
| 7:09 | Research | Tech 1625 |
| 7:10 | Research | Tech 1624 |
| 7:14 | Research | Imperial Age |
| 7:14 | Research | Imperial Age |
| 7:20 | Research | Town Watch |
| 7:20 | Research | Town Watch |
| 7:20 | Research | Town Watch |
| 7:21 | Research | Tech 1612 |
| 7:21 | Research | Tech 1612 |
| 7:22 | Research | Tech 1613 |
| 7:22 | Research | Tech 1613 |
| 7:29 | Build | Farm |
| 7:31 | Create | Mangonel |
| 7:31 | Create | Mangonel |
| 7:48 | Research | Horse Collar |
| 8:15 | Create | Villager (Male) |
| 8:16 | Create | Villager (Male) |
| 8:16 | Create | Villager (Male) |
| 8:16 | Create | Villager (Male) |
| 8:34 | Age | Imperial Age |
| 8:44 | Research | Onager (upgrade) |
| 8:44 | Research | Onager (upgrade) |
| 8:47 | Research | Two-Man Saw |
| 8:47 | Research | Two-Man Saw |
| 8:47 | Research | Two-Man Saw |
| 8:48 | Research | Tech 1705 |
| 8:48 | Research | Tech 1705 |
| 8:49 | Research | Tech 1705 |
| 8:49 | Research | Tech 1706 |
| 8:49 | Research | Tech 1706 |
| 9:00 | Research | Guilds |
| 9:15 | Create | Mangonel |
| 9:26 | Build | Town Center |
| 9:43 | Create | Villager (Male) |
| 9:54 | Create | Villager (Male) |
| 9:54 | Create | Villager (Male) |
| 9:54 | Create | Villager (Male) |
| 9:55 | Create | Villager (Male) |
| 9:58 | Build | Mining Camp |
| 10:00 | Create | Villager (Male) |
| 10:00 | Create | Villager (Male) |
| 10:00 | Create | Villager (Male) |
| 10:01 | Create | Villager (Male) |
| 10:01 | Create | Villager (Male) |
| 10:21 | Create | Villager (Male) |
| 10:22 | Create | Villager (Male) |
| 10:22 | Create | Villager (Male) |
| 10:29 | Research | Stone Mining |
| 10:29 | Research | Stone Mining |
| 10:51 | Build | Town Center |
| 11:00 | Create | Villager (Male) |
| 11:01 | Create | Villager (Male) |
| 11:01 | Create | Villager (Male) |
| 11:01 | Create | Villager (Male) |
| 11:02 | Create | Villager (Male) |
| 11:27 | Create | Villager (Male) |
| 11:27 | Create | Villager (Male) |
| 11:28 | Create | Villager (Male) |
| 11:31 | Create | Villager (Male) |
| 11:35 | Build | Mining Camp |
| 11:37 | Create | Villager (Male) |
| 11:37 | Create | Villager (Male) |
| 11:45 | Research | Horse Collar |
| 11:47 | Research | Gold Mining |
| 11:47 | Research | Gold Mining |
| 11:48 | Research | Gold Mining |
| 11:48 | Research | Tech 1653 |
| 11:48 | Research | Tech 1653 |
| 11:49 | Research | Tech 1653 |
| 11:49 | Research | Tech 1654 |
| 11:51 | Create | Villager (Male) |
| 11:53 | Research | Tech 1723 |
| 11:54 | Research | Tech 1723 |
| 11:54 | Research | Tech 1724 |
| 11:55 | Research | Tech 1724 |
| 12:01 | Research | Tech 1723 |
| 12:02 | Research | Tech 1723 |
| 12:02 | Research | Tech 1724 |
| 12:02 | Research | Tech 1724 |
Match timeline
| 3:51 | Mehandor · age_up feudal |
| 3:54 | Benitto Burrito · age_up feudal |
| 3:59 | Wozbo · age_up feudal |
| 4:01 | liehuo22 · age_up feudal |
| 4:15 | Vince · age_up feudal |
| 4:23 | liehuo22 · first_market_sell 500 wood |
| 4:40 | whobro123 · age_up feudal |
| 4:52 | Vince · first_market_sell 500 wood |
| 5:05 | Wozbo · first_market_sell 500 wood |
| 5:09 | whobro123 · first_market_sell 500 wood |
| 5:13 | NoAgendaPODCAST · age_up feudal |
| 5:27 | Pilot in training · age_up feudal |
| 5:34 | whobro123 · first_market_buy 100 food |
| 5:58 | liehuo22 · age_up castle |
| 6:20 | Vince · age_up castle |
| 6:21 | Benitto Burrito · first_market_buy 500 food |
| 6:33 | Mehandor · first_market_sell 100 food |
| 6:38 | NoAgendaPODCAST · first_market_sell 500 wood |
| 6:38 | Vince · first_building Siege Workshop |
| 6:39 | liehuo22 · first_building Siege Workshop |
| 6:44 | Vince · first_building Monastery |
| 6:59 | whobro123 · age_up castle |
| 7:00 | liehuo22 · first_building Monastery |
| 7:00 | Benitto Burrito · age_up castle |
| 7:18 | Benitto Burrito · first_building Monastery |
| 7:30 | Pilot in training · age_up castle |
| 7:36 | liehuo22 · first_market_buy 100 food |
| 7:41 | Mehandor · age_up castle |
| 7:44 | Wozbo · age_up castle |
| 7:57 | Pilot in training · first_building Monastery |
| 8:00 | NoAgendaPODCAST · age_up castle |
| 8:07 | Vince · age_up imperial |
| 8:34 | liehuo22 · age_up imperial |
| 8:44 | Benitto Burrito · age_up imperial |
| 8:50 | Vince · first_market_buy 500 food |
| 8:59 | Mehandor · first_building Dock |
| 9:01 | Benitto Burrito · first_building Siege Workshop |
| 9:53 | Pilot in training · age_up imperial |
| 10:06 | Wozbo · first_building Monastery |
| 10:15 | Vince · first_building Barracks |
| 10:58 | NoAgendaPODCAST · first_building Dock |
| 11:00 | Pilot in training · first_market_sell 500 wood |
| 11:03 | Pilot in training · first_market_buy 500 food |
| 11:10 | Mehandor · first_building Siege Workshop |
| 11:12 | Mehandor · first_building Monastery |
| 11:20 | Pilot in training · first_building Castle |
| 11:25 | Vince · first_building Castle |
| 11:56 | Pilot in training · first_building Siege Workshop |
| 12:10 | NoAgendaPODCAST · first_building Monastery |
| 12:22 | NoAgendaPODCAST · first_building Siege Workshop |
| 12:23 | Wozbo · first_market_buy 100 stone |
| 12:24 | liehuo22 · first_building Barracks |
| 12:50 | liehuo22 · first_building Castle |
| 12:52 | Mehandor · age_up imperial |
| 13:01 | Benitto Burrito · first_market_sell 500 wood |
| 13:14 | whobro123 · first_building Castle |
| 13:23 | Wozbo · first_building Castle |
| 13:32 | Wozbo · age_up imperial |
| 13:37 | Wozbo · first_building Siege Workshop |
| 13:38 | liehuo22 · first_building Archery Range |
| 13:59 | NoAgendaPODCAST · first_building Castle |
| 14:14 | liehuo22 · first_building Stable |
| 14:27 | NoAgendaPODCAST · age_up imperial |
| 15:52 | whobro123 · age_up imperial |
| 16:25 | whobro123 · first_building Barracks |
| 18:06 | NoAgendaPODCAST · first_building Barracks |
| 18:09 | Mehandor · wall_segment Stone Wall x5 |
| 18:15 | Mehandor · wall_segment Stone Wall x3 |
| 18:37 | Mehandor · first_building Castle |
| 19:07 | Mehandor · first_building Barracks |
| 19:20 | Benitto Burrito · first_building Castle |
| 19:22 | Pilot in training · first_building Barracks |
| 19:51 | whobro123 · first_building Siege Workshop |
| 19:54 | Benitto Burrito · first_building Barracks |
| 20:59 | Mehandor · wall_segment Stone Wall x5 |
| 21:03 | Mehandor · wall_segment Stone Wall x3 |
| 21:06 | Mehandor · wall_segment Stone Wall x2 |
| 21:20 | Vince · first_building Archery Range |
| 21:28 | whobro123 · first_building Monastery |
| 21:38 | Benitto Burrito · first_building Stable |
| 23:05 | NoAgendaPODCAST · wall_segment Stone Wall x19 |
| 26:03 | NoAgendaPODCAST · wall_segment Stone Wall x18 |
| 26:14 | NoAgendaPODCAST · wall_segment Stone Wall x5 |
| 27:10 | NoAgendaPODCAST · first_building Archery Range |
| 28:42 | whobro123 · resign |
| 29:51 | liehuo22 · first_building Dock |
| 33:48 | Vince · wall_segment Stone Wall x8 |
| 33:50 | Vince · wall_segment Stone Wall x11 |
| 33:54 | Vince · wall_segment Stone Wall x8 |
| 33:59 | Pilot in training · first_building Archery Range |
| 36:58 | NoAgendaPODCAST · wall_segment Stone Wall x5 |
| 37:50 | NoAgendaPODCAST · tribute_sent a jugador 2 |
| 37:50 | NoAgendaPODCAST · tribute_sent a jugador 3 |
| 37:50 | NoAgendaPODCAST · tribute_sent a jugador 4 |
| 37:50 | NoAgendaPODCAST · tribute_sent a jugador 5 |
| 37:50 | NoAgendaPODCAST · tribute_sent a jugador 6 |
| 37:50 | NoAgendaPODCAST · tribute_sent a jugador 7 |
| 37:50 | NoAgendaPODCAST · tribute_sent a jugador 8 |
[ AI ANALYSIS · 1 CREDIT ]
What really happened in this match?
Wolo.gg analyzes every decision: build order, eco, micro, common mistakes by bracket. Personalized analysis on WhatsApp or Discord in 30 seconds.
Civ guide
Spanish
Perfil
Jugador #1265857